Match 46937011
Unlisted

Match 46937011
End
Construct Barracks
Selects Advanced Infantry Battlegroup
Riflemen Squad
M1 Mortar Team
Riflemen Squad
Infantry Support Center
Selects Convert to Ranger Squad
Convert to Ranger Squad
Survival Training
Munitions Surplus
Convert to Ranger Squad
Selects Frontline Medical Station
Frontline Medical Station
塔露rua
天童アリス
夜深千帳燈
Suckobert
WilllTHENOOBz
我小叮当今晚要搞事!
76561199424265209
FLOKL
0
0

Comments sign in to comment!

No comments posted yet!